 Dungeon Crawl Stone Soup version 0.27-a0-1595-g0b823d0a13 (webtiles) character file.

Game seed: 11362281499165527459

1926 Brandom the Skirmisher (level 8, -11/73 HPs)
             Began as a Yellow Draconian Abyssal Knight on July 20, 2021.
             Was a High Priest of Lugonu.
             Killed by nerve-wracking pain
             ... invoked by an orc priest
              (14 damage)
             ... on level 7 of the Dungeon.
             The game lasted 00:20:47 (8772 turns).

Brandom the Skirmisher (DrAK)                       Turns: 8772, Time: 00:20:48

Health: -11/73     AC:  6    Str: 15    XL:     8   Next: 96%
Magic:  11/12      EV: 11    Int: 15    God:    Lugonu [*****.]
Gold:   75         SH: 15    Dex: 12    Spells: 12/13 levels left

rFire    . . .     SeeInvis .   a - +2 falchion
rCold    . . .     Faith    .   m - +2 kite shield
rNeg     . . .     Spirit   .   (armour unavailable)
rPois    .         Reflect  +   (helmet restricted)
rElec    .         Harm     .   (no cloak)
rCorr    +         Rampage  .   (no gloves)
Will     .....     Clarity  +   (no boots)
Stlth    ++........             o - amulet of reflection
HPRegen  0.22/turn              p - ring of flight
MPRegen  0.13/turn              (no ring)

@: short of breath, flying
A: spit acid, AC +6, unfitting armour, cold-blooded, acid resistance, big wings,
thin skeletal structure 1, clarity
a: Breathe Acid, Renounce Religion, Depart the Abyss, Bend Space, Banish,
Corrupt, Enter the Abyss


You were on level 7 of the Dungeon.
You worshipped Lugonu.
Lugonu was extremely pleased with you.
You visited 1 branch of the dungeon, and saw 7 of its levels.
You visited the Abyss 1 time.
You also visited: Ossuary.

You collected 295 gold pieces.
You spent 220 gold pieces at shops.

Inventory:

Hand Weapons
 a - a +2 falchion (weapon)
Missiles
 w - 4 javelins
Armour
 m - a +2 kite shield (worn)
   (You found it on level 3 of the Dungeon)
Jewellery
 o - an amulet of reflection (around neck)
   (You found it on level 4 of the Dungeon)
 p - a ring of flight (left hand)
   (You found it on level 5 of the Dungeon)
Scrolls
 b - a scroll of enchant armour
 c - 2 scrolls of teleportation {@r4}
 d - 2 scrolls of vulnerability {!r}
 g - 4 scrolls of noise {!r}
 h - a scroll of enchant weapon
 j - 3 scrolls of amnesia
 r - a scroll of summoning {unknown}
 s - a scroll of immolation {unknown}
Potions
 e - a potion of degeneration {!q}
 f - 3 potions of curing {@q1}
 i - 2 potions of attraction {!q}
 k - 2 potions of flight {unknown}
 l - a potion of magic
 n - 3 potions of brilliance {unknown}
 q - a potion of invisibility
 t - 5 potions of might
 u - 4 potions of cancellation {unknown}
 v - a potion of berserk rage
 x - a potion of ambrosia {unknown}
 z - a potion of resistance {unknown}


   Skills:
 * Level 7.4 Fighting
 + Level 4.6 Long Blades
 + Level 4.3 Dodging
 + Level 3.3 Shields
 - Level 3.0 Spellcasting
 + Level 3.9 Summonings
 + Level 5.1 Invocations


You had 12 spell levels left.
You knew the following spells:

 Your Spells              Type           Power      Damage    Failure   Level
a - Summon Small Mammal   Summ           56%        N/A       19%         1

Your spell library contained the following spells:

 Spells                   Type           Power      Damage    Failure   Level
 Call Canine Familiar     Summ           14%        N/A       47%         3
 Corona                   Hex            2%         N/A       65%         1
 Magic Dart               Conj           8%         1d3       65%         1
 Sandblast                Erth           4%         2d4       65%         1
 Summon Guardian Golem    Hex/Summ       8%         N/A       77%         3
 Ensorcelled Hibernation  Hex/Ice        4%         N/A       80%         2
 Passwall                 Tmut/Erth      1%         N/A       80%         2
 Searing Ray              Conj           4%         3d3       80%         2
 Portal Projectile        Hex/Tloc       4%         N/A       95%         3
 Tukima's Dance           Hex            2%         N/A       95%         3
 Fulminant Prism          Conj/Hex       1%         3d6       100%        4
 Leda's Liquefaction      Hex/Erth       1%         N/A       100%        4
 Lee's Rapid Deconstruct  Erth           1%         3d5*      100%        5


Dungeon Overview and Level Annotations

Branches:
Dungeon (7/15)             Temple (0/1) D:6         Ossuary (visited)

Altars:
Cheibriados
Hepliaklqana
Sif Muna
Uskayaw
The Shining One
Beogh

Shops:
D:1 !

Annotations:
Abyss:1 Sigmund


Innate Abilities, Weirdness & Mutations

You can spit globs of acid.
Your golden yellow scales are hard. (AC +6)
You cannot fit into any form of body armour.
You are cold-blooded and may be slowed by cold attacks.
You are resistant to acid. (rCorr)
Your large and strong wings let you fly.
You have a somewhat thin skeletal structure. (Dex +2, Stealth+)
You possess an exceptional clarity of mind.


Message History

3 orc priests come into view.
Found a roughly hewn altar of Beogh.
Okay, then.
The orc priest shouts! x2
The orc priest invokes the aid of Beogh against you.
Beogh smites you!
The orc priest shouts!
There is an open door here.
Aim: an orc priest, wielding a +0 mace and wearing a +0 leather armour You spit a glob of acid.
The glob of acid hits the orc priest.
The orc priest is splashed with acid.
The acid splashes onto the orc priest!
The orc priest is splashed with acid.
The acid corrodes the orc priest!
The acid splashes onto the orc priest!
The orc priest is splashed with acid.
The orc priest calls down the wrath of Beogh upon you.
You struggle to resist.
You block the orc priest's attack.
You barely miss the orc priest. You block the orc priest's attack. x3
The orc priest looks braver for a moment.
The orc priest barely misses you.
You riposte.
You hit the orc priest.
The orc priest calls down the wrath of Beogh upon you.
Beogh smites you!
You hit the orc priest.
The orc priest calls upon Beogh to heal the orc priest.
The orc priest is healed somewhat.
The orc priest closely misses you.
The orc priest looks braver for a moment.
You hit the orc priest. You block the orc priest's attack.
The orc priest looks satisfied for a moment.
The orc priest calls down the wrath of Beogh upon you.
You struggle to resist.
You barely miss the orc priest.
The orc priest hits you with a +0 trident.
You block the orc priest's attack. The orc priest hits you with a +0 mace.
You block the orc priest's attack.
The orc priest looks encouraged for a moment.
The orc priest calls down the wrath of Beogh upon you.
Beogh smites you!
* * * LOW HITPOINT WARNING * * *
You hit the orc priest.
Your tail-slap misses the orc priest.
The orc priest mumbles some strange prayers to Beogh against you.
Pain shoots through your body!
* * * LOW HITPOINT WARNING * * *
You block the orc priest's attack.
The orc priest mumbles some strange prayers to Beogh against you.
Pain shoots through your body!
* * * LOW HITPOINT WARNING * * *
Okay, then.
Space bends sharply around you!
The orc priest blinks! x2; You blink.
The orc priest miscasts a cantrip.
The orc priest mumbles some strange prayers to Beogh against you.
Pain shoots through your body!
You die...

##### #....
#...#####
##...#oo.# ..
#..8.'§§.# ...
##..o@#.§.#....
#.....#####...#...
#.####........#...
# ###.....#......
#.......#......
#.##'##.#......
#.#...#........
#.+...'........
#.#...#........


You could see 3 orc priests.

Vanquished Creatures
  Grinder (D:6)
  Duvessa (D:5)
  An ice beast (D:6)
  An ogre (D:5)
  A sky beast (D:7)
  A phantom (D:6)
  An elf zombie (Ossuary)
  2 scorpions (D:4)
  2 bullfrogs (D:6)
  A wyvern zombie (D:6)
  Dowan (D:5)
  A centaur zombie (Ossuary)
  A hound (D:6)
  2 jellies
  An orc priest (D:6)
  A centaur skeleton (D:4)
  A gnoll shaman (D:3)
  A bullfrog skeleton (D:4)
  An iguana (D:5)
  2 mummies (Ossuary)
  A howler monkey zombie (D:6)
  Robin (D:2)
  12 gnolls
  A howler monkey skeleton (D:6)
  5 adders
  A shadow imp (D:5)
  A white imp (D:6)
  3 adder zombies (Ossuary)
  An adder skeleton (D:5)
  A worm (D:2)
  A dart slug (D:1)
  11 orcs
  4 bats
  6 endoplasms
  8 giant cockroaches
  9 hobgoblins
  22 jackals
  6 kobolds
  5 quokkas
  7 ball pythons
  5 frilled lizards
  12 goblins
  A goblin zombie (D:5)
  10 hobgoblin zombies
  3 jackal zombies (Ossuary)
  A kobold skeleton (D:5)
  11 kobold zombies
  2 orc skeletons (D:5)
  11 orc zombies
  8 rats
  3 rat zombies (Ossuary)
197 creatures vanquished.

Vanquished Creatures (others)
  A plant (D:2)
1 creature vanquished.

Grand Total: 198 creatures vanquished

Notes
Turn   | Place    | Note
-------+----------+-------------------------------------------
     0 | Abyss:1  | Brandom the Draconian Abyssal Knight began the quest for
                  | the Orb.
     0 | Abyss:1  | Reached XP level 1. HP: 19/19 MP: 2/2
    14 | Abyss:1  | Found an ornate altar of the Wu Jian Council.
    29 | Abyss:1  | Found an ornate altar of the Wu Jian Council.
    30 | Abyss:1  | Found a snail-covered altar of Cheibriados.
    51 | Abyss:1  | Noticed a wolf spider zombie
    58 | Abyss:1  | Found a snail-covered altar of Cheibriados.
    74 | Abyss:1  | Noticed a bone dragon
    84 | Abyss:1  | Noticed a sixfirhy
    85 | D:1      | Escaped the Abyss
   125 | D:1      | Reached * piety under Lugonu
   135 | D:1      | Reached XP level 2. HP: 26/26 MP: 3/3
   572 | D:1      | Learned a level 1 spell: Summon Small Mammal
   583 | D:1      | Reached XP level 3. HP: 33/33 MP: 4/4
   906 | D:1      | Found Duomowk's Distillery.
   916 | D:1      | Bought a potion of curing for 33 gold pieces
   955 | D:2      | Noticed Robin
  1017 | D:1      | Reached skill level 4 in Fighting
  1019 | D:1      | Reached ** piety under Lugonu
  1207 | D:2      | Killed Robin
  1208 | D:2      | Reached XP level 4. HP: 24/40 MP: 5/5
  1679 | D:2      | Reached skill level 1 in Summonings
  1740 | D:2      | Found a faded altar of an unknown god.
  2646 | D:4      | Reached *** piety under Lugonu
  2647 | D:4      | Reached skill level 1 in Spellcasting
  2647 | D:4      | Reached XP level 5. HP: 47/47 MP: 7/7
  2980 | D:4      | Noticed Sigmund
  3068 | D:4      | Reached XP level 6. HP: 17/55 MP: 8/8
  3111 | D:4      | Banished Sigmund
  3112 | D:4      | Reached skill level 5 in Fighting
  3112 | D:4      | Reached skill level 1 in Shields
  3676 | D:4      | Your scales start taking on a golden yellow colour.
  3676 | D:4      | Reached XP level 7. HP: 43/61 MP: 9/9
  3676 | D:4      | Gained mutation: You are resistant to acid. (rCorr) [Yellow
                  | Draconian growth]
  4158 | D:4      | Found a shimmering blue altar of Sif Muna.
  4158 | D:4      | Found a snail-covered altar of Cheibriados.
  4334 | D:5      | Entered Level 5 of the Dungeon
  4530 | D:5      | Gained mutation: Your body sometimes deteriorates upon
                  | taking damage. [potion of mutation]
  4530 | D:5      | Gained mutation: You are frail. (-10% HP) [potion of
                  | mutation]
  4530 | D:5      | Gained mutation: Your large and strong wings let you fly.
                  | [potion of mutation]
  4628 | D:5      | Noticed Duvessa
  4628 | D:5      | Noticed Dowan
  4646 | D:5      | Killed Duvessa
  4743 | D:5      | Killed Dowan
  4753 | D:5      | Reached skill level 6 in Fighting
  5176 | D:5      | Found a glowing golden altar of the Shining One.
  5436 | D:5      | Reached **** piety under Lugonu
  5909 | D:1      | Bought a potion of might for 44 gold pieces
  5909 | D:1      | Bought a potion of mutation for 88 gold pieces
  5909 | D:1      | Bought a potion of berserk rage for 55 gold pieces
  5909 | D:1      | Lost mutation: You are frail. (-10% HP) [potion of
                  | mutation]
  5909 | D:1      | Lost mutation: Your body sometimes deteriorates upon taking
                  | damage. [potion of mutation]
  5909 | D:1      | Gained mutation: You possess an exceptional clarity of
                  | mind. [potion of mutation]
  5909 | D:1      | Gained mutation: You have a somewhat thin skeletal
                  | structure. (Dex +2, Stealth+) [potion of mutation]
  6034 | D:6      | Reached XP level 8. HP: 70/70 MP: 11/11
  6366 | D:6      | Identified the +1 ring mail of the Maze {rElec Int+3}
  6422 | D:6      | Found a hazy altar of Hepliaklqana.
  6539 | D:6      | Found a staircase to the Ecumenical Temple.
  6785 | D:6      | Noticed Grinder
  6823 | D:6      | Paralysed by Grinder for 2 turns
  6827 | D:6      | Killed Grinder
  7258 | D:6      | Reached skill level 7 in Fighting
  7713 | D:6      | Found a hide-covered altar of Uskayaw.
  7938 | D:7      | Found a sand-covered staircase.
  7960 | D:7      | Reached skill level 5 in Invocations
  7963 | Ossuary  | Entered an ossuary
  8623 | Ossuary  | Reached ***** piety under Lugonu
  8772 | D:7      | Killed from afar by an orc priest

Illustrated notes

Levels and vault maps discovered:
D:1:      dpeg_arrival_pond, layout_loops_ring, serial_shops, shop, st_stairs_2
D:2:      layout_basic, shapermc_ecumenical_altar_mp_ritualfount, uniq_robin
D:3:      layout_rooms
D:4:      layout_loops_ring, amethyst_overflow_temple_binary,
          kennysheep_pointless_box, uniq_sigmund
D:5:      layout_cave_pods, nicolae_tso_besieged_by_evil, uniq_duvessa
D:6:      layout_loops_corners, mainiacjoe_overflow_catwalk,
          mainiacjoe_overflow_alcove_2, temple_fountains, uniq_grinder
D:7:      minmay_inner_zag, layout_basic, gammafunk_temple_overflow_pools,
          enter_ossuary_2, minmay_misc_feat_diagonals, st_stairs_14,
          david_defended_altar_orc

Skill      XL: |  1  2  3  4  5  6  7  8 |
---------------+-------------------------+-----
Fighting       | 4 5 6 7 |  7.4
Summonings     | 1 2 3 |  3.9
Spellcasting   | 1 2 3 |  3.0
Long Blades    | 3 4 |  4.6
Invocations    | 3 4 5 |  5.1
Dodging        | 3 4 |  4.3
Shields        | 1 2 3 |  3.3

Action                   |  1- 3 |  4- 6 |  7- 9 || total
-------------------------+-------+-------+-------++-------
Melee: Falchion          |    97 |   144 |   400 ||   641
       Tailslap          |    12 |    11 |    55 ||    78
 Cast: Summon Small Mamm |     2 |       |       ||     2
Invok: Depart the Abyss  |     1 |       |       ||     1
       Banish            |       |     1 |       ||     1
       Bend Space        |       |       |     1 ||     1
 Abil: Breathe Acid      |       |       |    18 ||    18
  Use: Scroll            |     1 |     4 |     6 ||    11
       Potion            |       |     1 |     2 ||     3
 Stab: Distracted        |       |       |     2 ||     2
       Sleeping          |       |       |     1 ||     1
Armor: Skin              |    35 |    52 |    91 ||   178
Dodge: Dodged            |    76 |    87 |    99 ||   262
Block: Kite shield       |       |    24 |   297 ||   321
       Reflection        |       |       |     3 ||     3
       Rpst.: Falchion   |    18 |    28 |    25 ||    71

Table legend: (Time is in decaauts)
 A = Elapsed time spent in this place.
 B = Non-inter-level travel time spent in this place.
 C = Inter-level travel time spent in this place.
 D = Time resting spent in this place.
 E = Time spent auto-exploring this place.
 F = Levels seen in this place.
 G = Mean time per level.
                   A        B        C        D        E       F      G
               +--------+--------+--------+--------+--------+-----+--------+
         Total |   8983 |   8602 |    381 |   1396 |   5455 |   9 |  998.1 |
       Dungeon |   8071 |   7690 |    381 |   1107 |   5245 |   7 | 1153.0 |
         Abyss |     85 |     85 |      0 |      0 |     51 |   1 |   85.0 |
       Ossuary |    827 |    827 |      0 |    289 |    159 |   1 |  827.0 |
               +--------+--------+--------+--------+--------+-----+--------+

Top non-repeatable levels by time:
     D:6: 1949 daAuts
     D:4: 1684 daAuts
     D:5: 1585 daAuts
     D:1: 1142 daAuts
     D:2: 971 daAuts
 Ossuary: 827 daAuts
     D:3: 657 daAuts
 Abyss:1: 85 daAuts
     D:7: 81 daAuts
